 Dungeon Crawl Stone Soup version 0.25-a0-365-g7600c65aa0 (webtiles) character file.

Game seed: 3733240694869824956, levelgen mode: deterministic

1567 Nixze the Skirmisher (level 8, -3/124 HPs)
             Began as an Ogre Transmuter on Jan 5, 2020.
             Was an Initiate of Okawaru.
             Slain by a killer bee (6 damage)
             ... in the Ecumenical Temple.
             The game lasted 00:12:30 (7283 turns).

Nixze the Skirmisher (Ogre Transmuter)              Turns: 7283, Time: 00:12:30

Health: -3/124     AC: 24    Str: 19    XL:     8   Next: 90%
Magic:  12/15      EV:  1    Int: 20    God:    Okawaru [......]
Gold:   286        SH:  0    Dex:  6    Spells: 6/17 levels left

rFire    . . .     SeeInvis .   t - +6 quarterstaff "Egaapye" {drain, rC+ Str+4 Int+4 Dex-3}
rCold    + . .     Gourm    .   (shield currently unavailable)
rNeg     + + +     Faith    .   (armour currently unavailable)
rPois    +         Spirit   .   (helmet currently unavailable)
rElec    .         Reflect  .   (cloak currently unavailable)
rCorr    +         Harm     .   (gloves unavailable)
MR       .....     NoTele   +   (boots unavailable)
Stlth    ++........             (no amulet)
HPRegen  0.30/turn              h - ring of stealth
MPRegen  0.14/turn              c - ring of resist corrosion

@: lethally poisoned (-3 -> -6), tree-form
A: large, unfitting armour
a: Renounce Religion


You were in the Ecumenical Temple.
You worshipped Okawaru.
Okawaru was noncommittal.
You were near starving.
You were a tree.
You visited 2 branches of the dungeon, and saw 8 of its levels.

You collected 286 gold pieces.

Inventory:

Hand Weapons
 t - the +6 quarterstaff "Egaapye" (weapon) {drain, rC+ Str+4 Int+4 Dex-3}
   (You found it on level 5 of the Dungeon)

   A truly terrible weapon, it drains the life of those it strikes.
   It affects your strength (+4).
   It affects your intelligence (+4).
   It affects your dexterity (-3).
   It protects you from cold.
Missiles
 a - 132 arrows
Armour
 b - a +0 robe (melded)
 y - a +0 shield of cold resistance
Jewellery
 c - a ring of resist corrosion (right branch)
 h - a ring of stealth (left branch)
 p - an uncursed ring of ice
 A - an uncursed amulet of harm {unknown}
Wands
 q - a wand of random effects (16)
 u - a wand of iceblast (20)
Scrolls
 e - a scroll of noise {unknown}
 f - 3 scrolls of identify
 i - a scroll of enchant armour {unknown}
 j - 3 scrolls of teleportation
 k - a scroll of magic mapping
 m - a scroll of enchant weapon
 n - 2 scrolls of remove curse
 r - a scroll of fog {unknown}
 x - a scroll of fear
Potions
 l - 2 potions of invisibility
 s - a potion of lignification
 v - 2 potions of might {unknown}
 w - a potion of brilliance {unknown}
Comestibles
 d - 13 rations


   Skills:
 + Level 6.2 Fighting
 - Level 1.7 Dodging
 + Level 5.0 Unarmed Combat
 * Level 5.2 Spellcasting
 - Level 3.0 Translocations
 * Level 4.7 Transmutations
 * Level 3.2 Ice Magic
 - Level 1.0 Poison Magic


You had 6 spell levels left.
You knew the following spells:

 Your Spells              Type           Power        Failure   Level  Hunger
a - Beastly Appendage     Tmut           ###...       1%          1    None
b - Sticks to Snakes      Tmut           ###.....     2%          2    None
c - Spider Form           Tmut/Pois      ###.......   11%         3    ##.....
d - Apportation           Tloc           ###...       3%          1    None
e - Ice Form              Ice/Tmut       ###.....     22%         4    ####...

Your spell library contained the following spells:

 Spells                   Type           Power        Failure   Level  Hunger
 Blink                    Tloc           N/A          4%          2    None
 Animate Skeleton         Necr           N/A          12%         1    None
 Confusing Touch          Hex            #.....       12%         1    None
 Magic Dart               Conj           #...         12%         1    None
 Summon Small Mammal      Summ           #...         12%         1    None
 Call Imp                 Summ           #.......     17%         2    None
 Slow                     Hex            #.......     17%         2    None
 Mephitic Cloud           Conj/Pois/Air  #.......     30%         3    ##.....
 Conjure Flame            Conj/Fire      #.......     34%         3    ##.....
 Blade Hands              Tmut           ###.......   41%         5    #####..


Dungeon Overview and Level Annotations

Branches:
Dungeon (7/15)             Temple (1/1) D:7

Altars:
Ashenzari
Cheibriados
Dithmenos
Elyvilon
Fedhas
Gozag
Hepliaklqana
Kikubaaqudgha
Nemelex Xobeh
Okawaru
Qazlal
Sif Muna
Trog
Vehumet
Xom
Yredelemnul
Zin
The Shining One

Shops:
D:4 %


Innate Abilities, Weirdness & Mutations

You are too large for most types of armour.
((You have tough skin. (AC +1)))


Message History

The killer bee stings you.
* * * LOW HITPOINT WARNING * * *
You are lethally poisoned!
The killer bee poisons you! The killer bee misses you.
It was a potion of lignification.
You warm up again.
The +6 quarterstaff "Egaapye" {drain, rC+ Str+4 Int+4 Dex-3} unmelds from your body.
Your +0 robe unmelds from your body.
You sense an unholy aura.
You turn into a tree.
Your +0 robe melds into your body.
Your roots penetrate the ground.
* * * LOW HITPOINT WARNING * * *
You feel sick.
The killer bee stings you but does no damage. x3
The killer bee barely misses you.
The killer bee stings you but does no damage. x2
You closely miss the killer bee.
The killer bee is severely wounded.
* * * LOW HITPOINT WARNING * * *
You feel sick. The killer bee stings you.
You die...

.......
≈§§§§§§≈≈≈§§§...........
≈≈≈≈≈≈≈§≈§§≈..._........
≈≈≈≈§§§§§≈§.§...........
≈§≈§§≈§§§§§............_
§≈≈≈§≈§§≈§§.............
§≈≈≈§≈§§§.._............
§§§§§§§.y...............
≈§§≈≈≈≈♣y........_......
≈≈§≈≈≈≈§y...†...........
≈§≈§≈§§≈≈≈≈≈....§.......
≈≈§§≈≈≈≈≈≈≈§§≈≈§≈§......
≈≈§§≈≈≈≈§≈§≈≈≈≈§≈§≈≈....
§≈§≈≈§≈≈≈≈≈≈≈§≈≈≈≈≈≈≈§§≈
≈§≈≈§§≈≈§≈≈≈≈≈≈≈§≈≈≈§≈§≈
§≈§≈≈§§§§≈§≈§§≈§≈≈≈≈§≈§≈
§≈≈≈≈≈≈≈≈≈§§≈≈≈§§≈§≈


You could see 3 killer bees.

Vanquished Creatures
  A wraith (D:6)
  2 orc warriors
  An ogre (D:5)
  A centaur (D:6)
  2 bullfrogs (D:6)
  4 scorpions
  3 killer bees
  2 howler monkeys (D:7)
  A crimson imp (D:6)
  3 orc priests
  An iguana (D:5)
  8 worker ants
  An orc wizard (D:6)
  5 adders
  An adder skeleton (D:4)
  2 worms
  2 dart slugs (D:1)
  3 leopard geckos
  24 orcs
  6 bats
  5 giant cockroaches
  4 goblins
  6 hobgoblins
  12 jackals
  3 kobolds
  2 quokkas
  2 ball pythons
  3 frilled lizards
  6 rats
116 creatures vanquished.

Notes
Turn   | Place    | Note
-------+----------+-------------------------------------------
     0 | D:1      | Nixze the Ogre Transmuter began the quest for the Orb.
     0 | D:1      | Reached XP level 1. HP: 19/19 MP: 3/3
   166 | D:1      | Reached skill level 2 in Fighting
   172 | D:1      | Reached XP level 2. HP: 22/28 MP: 5/5
   602 | D:1      | Learned a level 2 spell: Sticks to Snakes
   616 | D:1      | Reached XP level 3. HP: 36/36 MP: 4/6
   621 | D:1      | Learned a level 3 spell: Spider Form
  1149 | D:2      | Reached skill level 3 in Fighting
  1747 | D:2      | Reached XP level 4. HP: 41/45 MP: 4/8
  2039 | D:3      | Reached skill level 1 in Poison Magic
  3403 | D:4      | Reached XP level 5. HP: 53/53 MP: 5/9
  3504 | D:4      | Learned a level 1 spell: Apportation
  3506 | D:4      | Found Aceonir's Food Boutique.
  3841 | D:4      | Reached skill level 4 in Fighting
  3841 | D:4      | Reached XP level 6. HP: 49/62 MP: 7/10
  4013 | D:4      | Found a white marble altar of Elyvilon.
  4447 | D:4      | Reached skill level 5 in Fighting
  4518 | D:4      | Learned a level 4 spell: Ice Form
  4519 | D:5      | Entered Level 5 of the Dungeon
  4541 | D:5      | Reached XP level 7. HP: 72/72 MP: 4/11
  4798 | D:5      | Got a steaming quarterstaff
  4799 | D:5      | Identified the +6 quarterstaff "Egaapye" {drain, rC+ Str+4
                  | Int+4 Dex-3} (You found it on level 5 of the Dungeon)
  5018 | D:5      | Reached skill level 1 in Translocations
  5018 | D:5      | Reached skill level 1 in Ice Magic
  5398 | D:6      | Noticed a wraith
  5423 | D:6      | Killed a wraith
  5423 | D:6      | Reached XP level 8. HP: 14/81 MP: 9/14
  6410 | D:6      | Found a sparkling altar of Nemelex Xobeh.
  6669 | D:7      | Reached skill level 6 in Fighting
  6884 | D:7      | Found a staircase to the Ecumenical Temple.
  6891 | Temple   | Entered the Ecumenical Temple
  6907 | Temple   | Became a worshipper of Warmaster Okawaru
  6983 | D:7      | Reached skill level 5 in Unarmed Combat
  6983 | D:7      | Reached skill level 5 in Spellcasting
  7281 | Temple   | HP: 4/99 [killer bee (4)]
  7283 | Temple   | Slain by a killer bee

Levels and vault maps discovered:
D:1:      psy_arrival_spokes, layout_loops_ring, minmay_misc_feat_iff,
          hangedman_abyss_or_decor_stabs, minmay_box_of_dots
D:2:      layout_rooms, minmay_indecisive_spiral
D:3:      layout_loops_ring, first_ration, grunt_ministairs_15, wad_orctagon
D:4:      layout_loops_ring, elyvilon_altar_3, serial_shops, shop
D:5:      layout_cave_pools
D:6:      layout_loops_ring, nemelex_diamond_rough_becter
D:7:      layout_gridville, minmay_temple_entry_mist
Temple:   compressed_dpeg_triangle_lava_temple

Skill      XL: |  1  2  3  4  5  6  7  8 |
---------------+-------------------------+-----
Fighting       | 2 3 4 5 6 |  6.2
Unarmed Combat | 3 4 5 |  5.0
Transmutations | 2 3 4 |  4.7
Spellcasting   | 3 4 5 |  5.2
Poison Magic   | 1 |  1.0
Translocations | 2 3 |  3.0
Ice Magic      | 2 3 |  3.2
Dodging        | |  1.7

Action                   |  1- 3 |  4- 6 |  7- 9 || total
-------------------------+-------+-------+-------++-------
Melee: Unarmed           |   121 |   127 |   162 ||   410
       Kick              |     8 |       |       ||     8
       Headbutt          |     6 |       |       ||     6
       Punch             |     1 |       |       ||     1
       Quarterstaff      |       |       |     2 ||     2
 Cast: Beastly Appendage |    18 |       |       ||    18
       Spider Form       |     4 |    27 |    19 ||    50
       Ice Form          |       |       |     2 ||     2
  Use: Scroll            |     1 |     5 |     6 ||    12
       Potion            |       |       |     5 ||     5
 Stab: Sleeping          |     1 |     3 |     3 ||     7
       Distracted        |       |       |     1 ||     1
  Eat: Chunk             |     1 |    11 |     9 ||    21
       Ration            |     1 |       |       ||     1
Armor: Robe              |    41 |       |       ||    41
       Skin              |       |     3 |    34 ||    37
Dodge: Dodged            |    70 |    99 |   177 ||   346

Table legend:
 A = Non-vault XP
 B = Vault XP
 C = Vault XP percentage of total XP
 D = Non-vault monster count
 E = Vault monster count
 F = Vault count percentage of total count
                 A         B        C        D         E       F
            +---------+---------+-------+---------+---------+-------
      Total |    2201 |      38 |   1.7 |     105 |      11 |   9.5
            +---------+---------+-------+---------+---------+-------
        D:1 |      32 |       5 |  13.5 |      17 |       2 |  10.5
        D:2 |      42 |      20 |  32.3 |       9 |       4 |  30.8
        D:3 |      46 |      13 |  22.0 |      12 |       5 |  29.4
        D:4 |     348 |       0 |   0.0 |      22 |       0 |   0.0
        D:5 |     228 |       0 |   0.0 |       5 |       0 |   0.0
        D:6 |    1066 |       0 |   0.0 |      34 |       0 |   0.0
        D:7 |     373 |       0 |   0.0 |       5 |       0 |   0.0
     Temple |      66 |       0 |   0.0 |       1 |       0 |   0.0
            +---------+---------+-------+---------+---------+-------
